Match 46462320
Unlisted

Match 46462320
End
Panzergrenadier Squad
Selects Panzerjäger Kommand Battlegroup
Selects Blockade Equipment
Panzerpioneer Squad
250 Light Carrier
Panzergrenadier Squad
Construct Light Support Kompanie
Panzerjäger Squad
Fire Support Elements
Flakvierling Half-track
Vehicle Survival Package
le.IG 18 Mechanized Group
Selects Tank Busters
Selects Crew Shock Tactics
^1Soldat^0James
ST Hélios | No Game No Life
Angrybirds
Timeless
0
0

Comments sign in to comment!

No comments posted yet!